[Event "GER-ch Youth-ODJM 2022"]
[Site "Willingen"]
[Date "2022.06.07"]
[Round "4.3"]
[White "Gallasch, Jonas"]
[Black "Brinkmann, Fabian"]
[Result "0-1"]
[ECO "E10"]
[WhiteElo "2044"]
[BlackElo "2145"]
[Annotator "TA"]
[PlyCount "137"]
[EventDate "2022.06.05"]
[EventType "swiss"]
[EventRounds "9"]
[EventCountry "GER"]
[SourceTitle "playchess.com"]
[Source "ChessBase"]
[SourceQuality "1"]
[TimeControl "40/4500+30:900+30"]

1. d4 Nf6 2. c4 e6 3. Nf3 c5 4. d5 b5 5. e4 Nxe4 6. Bd3 {[%emt 0:00:00] E10: Blumenfeld Gambit.} Nf6 7. Nc3 {[%emt 0:00:00][%cal Bb1c3,Bc3e4,Be4g3][%mdl 32] now scores much better than the old 7.0-0.} (7. cxb5 Nxd5 8. Be4 Bb7 $17) 7... b4 (7... bxc4 $11 8. Bxc4 Ba6) 8. Ne4 $1 $16 {[%emt 0:00:00] White is better.} Bb7 (8... a5 $14 {deserves consideration.}) 9. Bg5 (9. O-O $16) 9... d6 {[%emt 0:10:55] [#]} (9... Be7 $14 10. O-O d6) 10. Bxf6 $146 ({Predecessor:} 10. dxe6 fxe6 11. Bxf6 gxf6 12. Nh4 Qe7 13. Ng3 f5 14. Nf3 Bg7 15. Rb1 O-O 16. O-O {0-1 (29) Belous,M (1806)-Polivanov,A (2381) Zaporozhye 2010}) 10... gxf6 11. Bc2 (11. O-O $1 $16) 11... f5 (11... exd5 $11 12. cxd5 f5) 12. Ba4+ $18 {[%emt 0:08:51][%mdl 1024] White has strong compensation.} Ke7 13. Ng3 (13. Neg5 h6 14. Nh3 Bg7 $15) 13... h5 (13... Nd7 $16 {might work better.}) 14. Qe2 {[%emt 0:06:37] Nxf5+ is the strong threat.} f4 15. Ne4 Qa5 $2 (15... e5 16. Nxe5 Bg7) 16. b3 Bg7 17. O-O-O e5 18. Rhe1 Qc7 19. g3 (19. Neg5 Kf8 $14) 19... fxg3 20. Nxg3 {[%emt 0:00:28] Pair of Knights!} (20. hxg3 Bc8 $16) 20... Bc8 {[%emt 0:00:45] [#] Prevents Nf5+.} (20... Bh6+ {is more resistant.} 21. Kb1 Nd7) 21. Nh4 $2 ({White has to play} 21. Nxe5 $1 $18 {[%mdl 512] White threatens Ng6+ and mate.} Bxe5 22. f4) 21... Bh6+ ({Black should play} 21... Kf8 $1 $14) 22. Kb1 Bg5 (22... Kf8 {is a better defense.}) 23. Nhf5+ (23. Nf3 Bf6 24. Nxe5 Kf8) 23... Kf8 24. h4 ({White should try} 24. Qf3 $18 Nd7 25. Ne4 (25. Nxh5 Nf6 $11)) 24... Bf4 $16 25. Qf3 $2 (25. Qd3 $1 $18) 25... Qd8 $1 $11 26. Bc6 Nxc6 (26... Bxg3 $11 27. Nxg3 (27. Bxa8 Qf6 $17) 27... Bg4) 27. dxc6 $18 Qf6 28. Qe4 $2 (28. Nxd6 $18 {Strongly threatening c7.} Bg4 29. Qd5 Bxg3 30. fxg3 Bxd1 31. Rxd1) 28... Bxg3 $11 29. Nxg3 {[%emt 0:00:04] aiming for c7.} a5 (29... Qxf2 $2 30. Qd5 $1 (30. c7 Qxg3 31. Rf1 Ke7 $14) 30... Bf5+ 31. Ka1 $18 (31. Nxf5 Qxf5+ 32. Kb2 Rh6 $17)) 30. Qd5 Rh6 31. Ka1 {[%emt 0:03:16] Threatens to win with Ne4.} Qe6 32. Ne4 Qxd5 33. Rxd5 (33. cxd5 a4 34. Kb2 Bg4 $15) 33... Ke7 34. Red1 (34. f4 $5) 34... Bg4 35. R1d2 ({Better is} 35. Rxd6 $15 Rxd6 36. Rxd6) 35... Bf3 $19 36. Nxd6 Bxd5 37. Nf5+ Ke6 38. Ng7+ Kf6 39. cxd5 Kxg7 40. d6 Rxd6 $2 41. Rxd6 {[%emt 0:16:53][%mdl 4096] Endgame KR-KR} Rc8 42. Kb2 {[%emt 0:00:00] [#]} f6 $1 43. Rd7+ Kg6 44. c7 Kf5 45. Kc2 Ke6 46. Rh7 Kd6 47. Kd3 (47. Rxh5 $142 Rxc7 48. Rh8) 47... Rxc7 $17 48. Rxh5 Kd5 (48... Ke6 $17 {White must now prevent ...Rd7+.} 49. Rh8 Rd7+ 50. Ke3 a4) 49. Rh8 $11 Rd7 50. h5 f5 51. f3 c4+ 52. bxc4+ Kc5+ 53. Kc2 $2 (53. Ke3 $11 {and White is okay.}) 53... Kxc4 $19 54. h6 {[%emt 0:00:00] [#]} a4 $1 ({And not} 54... e4 55. fxe4 (55. h7 Kd4 $17) 55... fxe4 56. Re8 $17 (56. h7 Kd4 $17)) 55. h7 $2 (55. Rb8 {was necessary.}) 55... b3+ (55... Kd4 $142 56. Kd2 f4) 56. axb3+ $2 (56. Kb2 Rc7 57. a3) 56... axb3+ 57. Kc1 Kd3 {[%emt 0:00:22] ( -> ...e4)} 58. Kb2 e4 {[%emt 0:00:39] Black mates.} 59. fxe4 fxe4 60. Rb8 Rxh7 61. Kxb3 e3 62. Rd8+ Ke2 63. Kc3 Ke1 64. Re8 e2 65. Kc2 Rf7 66. Kd3 Kf1 67. Rh8 e1=Q 68. Rh1+ Kf2 69. Kd4 {Both players deserved the win here.  Weighted Error Value: White=0.72/Black=0.46} 0-1

[Event "GER-ch Youth-ODJM 2022"]
[Site "Willingen"]
[Date "2022.06.07"]
[Round "4.3"]
[White "Turel, Tugrul"]
[Black "Hoffmann, Alexander"]
[Result "1-0"]
[ECO "C54"]
[WhiteElo "1206"]
[BlackElo "2404"]
[Annotator "TA"]
[PlyCount "73"]
[EventDate "2022.06.05"]
[EventType "swiss"]
[EventRounds "9"]
[EventCountry "GER"]
[SourceTitle "playchess.com"]
[Source "ChessBase"]
[SourceQuality "1"]
[TimeControl "40/4500+30:900+30"]

1. e4 e5 2. Nf3 Nc6 3. Bc4 Bc5 4. c3 Nf6 5. d4 exd4 6. cxd4 Bb4+ 7. Nc3 Nxe4 8. O-O Bxc3 9. d5 O-O 10. bxc3 Ne7 11. Re1 Nf6 {[%emt 0:09:39] C54: Giuoco Piano: 4 c3 Nf6, main lines with 5 d4 and 5 d3.} (11... Nxc3 $2 12. Qd4 Ncxd5 13. Bxd5 Nxd5 14. Qxd5 $18) 12. Bg5 Ng6 (12... Nf5 $11 {is superior.}) 13. d6 $16 h6 $2 {[%emt 0:09:55] [#]} (13... cxd6 $1 $14 14. Qxd6 Qb6 15. Qxb6 axb6) 14. Bxf6 $146 (14. Qc2 $18 {aiming for Qxg6.} Nh8 15. Bxf6 Qxf6 16. dxc7) ({Predecessor:} 14. Qd3 cxd6 15. Qxg6 d5 16. Bxf6 fxg6 17. Bxd5+ Kh7 18. Bxd8 Rxd8 19. Re7 Rb8 20. Rae1 b6 21. Ne5 Bb7 22. Bf7 d6 23. Bxg6+ Kg8 24. Nd7 Ra8 25. Nxb6 axb6 26. Rxb7 {1-0 (26) Medeuf,Y (2049)-Nardol,F (1884) Madiana 2015}) 14... Qxf6 $11 15. dxc7 Qc6 16. Qb3 {[%emt 0:11:22][%cal Oc4f7] Black must now prevent Bxf7+!} d6 17. Nd4 Qxc7 18. Nb5 Qc6 19. Rad1 Ne5 {[%emt 0:04:13] [#] White now steadily converts the win.} (19... Nf4 $11 {and Black is okay.} 20. Bf1 (20. Bd5 Nxd5 21. Qxd5 Bg4 $15) 20... Rd8) 20. Bd5 $1 $18 (20. Rxd6 Qxc4 21. Rxe5 Be6 22. Qxc4 Bxc4 $11) (20. Nxd6 Nxc4 21. Qxc4 Qxc4 22. Nxc4 Be6 $15) 20... Be6 (20... Qc5 $2 {[#]} 21. Nxd6 $1 Bg4 22. Rxe5 $18) 21. Bxe6 (21. Bxc6 Bxb3 22. axb3 Nxc6 $11) 21... fxe6 22. Nxd6 (22. Rxd6 Qc5 23. Rf1 (23. Qxe6+ Kh8 $11) 23... a6 24. Qxe6+ Nf7 $14) 22... Qc5 (22... Nf7 {was necessary.} 23. Rxe6 (23. Qxe6 $2 Rad8 $19) 23... Rad8) 23. Qxe6+ Kh7 (23... Nf7 $142 24. Nf5 (24. Nxb7 Qxc3 25. Rc1 Qd2 $16) 24... Kh7) 24. Qxe5 {[%emt 0:00:17] Active counter play!} Qxf2+ 25. Kh1 Qxa2 26. Qe2 {[%emt 0:05:11] Inhibits Qc2.} (26. Qe4+ $142 Kh8 27. Nf5) 26... Qa3 $2 (26... Qxe2 27. Rxe2 Rfd8) 27. c4 Qc5 28. Nxb7 Qb6 29. Rd7 {[%emt 0:01:08] And now Nd6 would win.} Rae8 30. Qd3+ Kg8 (30... Qg6 $142 31. Qxg6+ Kxg6) 31. Rxe8 Rxe8 32. Rd8 Rxd8 33. Qxd8+ Qxd8 34. Nxd8 {[%emt 0:00:11] White threatens Nc6 and mate.} Kf8 35. Nc6 a6 36. c5 Kf7 37. Na5 {[%emt 0:00:08] Weighted Error Value: White=0.38/Black=1.16} 1-0

[Event "GER-ch Youth-ODJM 2022"]
[Site "Willingen"]
[Date "2022.06.07"]
[Round "4.4"]
[White "Reimer, Philip"]
[Black "Wensing, Maximilian"]
[Result "1/2-1/2"]
[ECO "B28"]
[WhiteElo "1977"]
[BlackElo "2063"]
[Annotator "TA"]
[PlyCount "75"]
[EventDate "2022.06.05"]
[EventType "swiss"]
[EventRounds "9"]
[EventCountry "GER"]
[SourceTitle "playchess.com"]
[Source "ChessBase"]
[SourceQuality "1"]
[TimeControl "40/4500+30:900+30"]

1. e4 c5 2. Nf3 a6 3. c3 d5 4. exd5 Nf6 5. d4 Qxd5 6. dxc5 {[%emt 0:00:00] B28: Sicilian: 2 Nf3 a6 (O'Kelly Variation).} Qxc5 7. Be3 Qc7 8. Nbd2 {[%emt 0:00:51] The position is equal.} e6 {[%emt 0:00:41] [#]} 9. Bd3 $146 ({Predecessor:} 9. Qb3 Nbd7 10. a4 Bc5 11. Nc4 Bxe3 12. Nxe3 b6 13. Qb4 Qc5 14. Qxc5 Nxc5 15. Nc4 {1-0 (42) Sorensen,T (2124)-Madsen,M (2108) Fredericia 2017}) 9... Be7 10. a4 Nd5 11. Qe2 Nxe3 12. Qxe3 Nd7 13. O-O Nf6 14. a5 O-O 15. Nc4 (15. Ne5 {is interesting.} Rd8 16. Ndc4 Nd5 17. Qh3) 15... Bd7 16. Nb6 Rad8 17. b4 {[%emt 0:06:14] Prevents Bc5.} Bd6 18. Rfd1 (18. g3 $1 $11) 18... Bf4 $15 19. Qc5 Qxc5 20. bxc5 Bc6 21. Nd4 Be4 22. c6 Bxd3 23. Rxd3 bxc6 {[%emt 0:00:06] Hoping for ...c5.} 24. Rf3 (24. Rad1 $11) 24... Bc7 25. Nxc6 Rd6 (25... Bxb6 $5 26. axb6 Rd6 $15) 26. Ne7+ {[%emt 0:00:42] Pair of Knights!} Kh8 27. Nc4 $1 Rd7 28. Nc6 Rd5 29. Nb4 Rc5 $36 {[%emt 0:00:06][%mdl 2048] Black fights for an advantage.} 30. Nb6 Bxb6 31. axb6 {[%emt 0:00:29] [#] Black must now prevent c4.} a5 32. b7 Rb5 $17 (32... axb4 $2 33. Ra8 Rg8 34. Rxg8+ Nxg8 35. b8=Q $18) 33. Nc6 Rxb7 34. Kf1 Rc8 35. Nxa5 Rb2 36. c4 h5 37. Rfa3 Rc5 38. R3a2 {[%emt 0:00:49] Weighted Error Value: White=0.16 (very precise) /Black=0.06 (flawless)} 1/2-1/2

[Event "GER-ch Youth-ODJM 2022"]
[Site "Willingen"]
[Date "2022.06.07"]
[Round "4.5"]
[White "Köhler, Lukas"]
[Black "Nied, Pascal"]
[Result "1/2-1/2"]
[ECO "A05"]
[WhiteElo "2099"]
[BlackElo "2008"]
[Annotator "TA"]
[PlyCount "104"]
[EventDate "2022.06.05"]
[EventType "swiss"]
[EventRounds "9"]
[EventCountry "GER"]
[SourceTitle "playchess.com"]
[Source "ChessBase"]
[SourceQuality "1"]
[TimeControl "40/4500+30:900+30"]

1. Nf3 Nf6 2. b3 d5 3. Bb2 e6 4. e3 Bd6 5. c4 O-O 6. Nc3 c6 7. d4 Nbd7 8. Qc2 Re8 9. Be2 b6 10. O-O Bb7 11. e4 dxe4 12. Nxe4 Nxe4 13. Qxe4 Nf6 {[%emt 0:04:30] D45: Semi-Slav: 5 e3.} 14. Qh4 c5 15. dxc5 Bxc5 {[%emt 0:02:04] The position is equal.} 16. Rad1 Qe7 17. Ne5 Rad8 18. Nd3 {[%emt 0:12:55] [#]} Ne4 $146 ({Predecessor:} 18... Bd6 19. Ne5 Qc7 20. Nf3 e5 21. Nd2 Bc5 22. a3 Bd4 23. Bxd4 Rxd4 24. Qg3 Qe7 {½-½ (45) Gretarsson,H (2513)-Rasmussen,K (2437) Rethymno 2003}) 19. Qxe7 Bxe7 20. f3 Nd6 21. g4 f6 22. Ba3 Kf7 23. Rfe1 Bf8 24. Rc1 {[%emt 0:01:40] [#]} a5 (24... Nb5 $1 $15 25. Bxf8 (25. cxb5 Bxa3 26. Rc4 Bd6 $17) 25... Nd4) 25. Kf2 $2 {[%emt 0:01:31] [#]} (25. c5 $11 {and White has nothing to worry.} Nc8 26. f4 (26. c6 Bxa3 27. cxb7 Nd6 $11)) 25... Ne4+ $1 $19 26. fxe4 {[%emt 0:00:09] Black must now prevent Bxf8.} Bxa3 27. Rcd1 Bxe4 28. Ke3 Bb7 {[%emt 0:02:19] A strong pair of Bishops.} 29. Bf3 Bxf3 30. Kxf3 Rd4 31. Nf4 Bc5 (31... Rd6 $19 32. Rxd6 Bxd6) 32. Rxd4 $17 Bxd4 {[%emt 0:00:02][%mdl 4096] Endgame KRB-KRN} 33. Rd1 e5 34. Nd5 Bc5 35. Ke4 Rd8 36. h4 h6 {[%emt 0:00:27] Against g5} ({Better is} 36... Rd7 $17 {Hoping for ...Ke6.} 37. Rf1 Ke6) 37. h5 $11 Rd6 38. Kf5 Bd4 39. Nc3 Bc5 40. Rd5 Bb4 41. Rxd6 Bxd6 {[%emt 0:00:00] KB-KN} 42. Ne4 Bb4 43. Nf2 Bd2 44. Ne4 Be3 45. Nc3 Bd4 46. Ne4 Bc5 47. Nc3 Be3 48. Ne4 Ke7 49. a4 Kd7 50. Nc3 Kc6 51. Ne4 $1 Kd7 52. Nc3 $1 Kc6 {[%emt 0:00:09] Black had all chances to win.  Weighted Error Value: White=0.15 (very precise) /Black=0.15 (very precise)} ({Black should play} 52... Bd2 $1 $15 53. Ne4 Be1) 1/2-1/2

[Event "GER-ch Youth-ODJM 2022"]
[Site "Willingen"]
[Date "2022.06.07"]
[Round "4.6"]
[White "Koll, Linus"]
[Black "Schimnatkowski, Lukas"]
[Result "1/2-1/2"]
[ECO "C50"]
[WhiteElo "1989"]
[BlackElo "2206"]
[Annotator "TA"]
[PlyCount "93"]
[EventDate "2022.06.05"]
[EventType "swiss"]
[EventRounds "9"]
[EventCountry "GER"]
[SourceTitle "playchess.com"]
[Source "ChessBase"]
[SourceQuality "1"]
[TimeControl "40/4500+30:900+30"]

1. e4 e5 2. Nf3 Nc6 3. Bc4 Bc5 4. O-O Nf6 5. d3 O-O 6. Be3 Bxe3 7. fxe3 d5 {[%emt 0:00:00] C50: Hungarian Defence and Giuoco Pianissimo.} 8. exd5 Nxd5 9. Qe1 Qd6 (9... Be6 $11) 10. Nc3 (10. Ng5 $14) 10... Nxc3 $11 11. Qxc3 Be6 {[%emt 0:00:23] [#]} 12. Rf2 $146 ({Predecessor:} 12. Rae1 Rad8 13. Bxe6 Qxe6 14. a3 {½-½ (14) Koval,H-Struhar,J (2034) ICCF email 2009}) 12... Rad8 13. Raf1 (13. Ng5 {is more complex.} Bxc4 14. Qxc4 Qd5 15. Qg4) 13... f6 {[%emt 0:08:15] Against Ng5} 14. d4 Bxc4 15. Qxc4+ Kh8 16. c3 g6 17. Qb5 exd4 18. exd4 b6 19. Re2 Qd5 20. Qxd5 Rxd5 21. Re6 Nd8 22. Re7 Rf7 23. Rxf7 Nxf7 {[%emt 0:00:29][%mdl 4096] Endgame KRN-KRN. The position is equal.} 24. Re1 Rd7 {[%emt 0:00:51] Against Re7} 25. Kf2 Kg7 26. Ke3 h5 27. c4 Nd6 28. Kd3 Nf5 29. Kc3 c6 {[%emt 0:02:32] Prevents d5.} 30. h4 Kf7 31. b4 a6 32. a4 Ne7 33. Rb1 b5 34. axb5 axb5 35. Ra1 (35. d5 $5) 35... bxc4 36. Kxc4 Ke6 37. Nd2 Nf5 38. Nb3 {[%emt 0:00:35] [#] Black must now prevent Nc5+.} Kd6 39. Ra6 {[%emt 0:02:01] And now b5 would win.} Ne3+ (39... Nxh4 $2 40. Nc5 Rc7 41. b5 Nxg2 42. b6 Ne3+ 43. Kd3 $18) 40. Kd3 Nd5 ({Don't play} 40... Nxg2 41. b5 Kd5 42. b6 Nf4+ 43. Ke3 $16) 41. Kc4 Rb7 {[%emt 0:00:00] Inhibits b5.} 42. Rxc6+ $1 Kxc6 43. Na5+ Kc7 44. Nxb7 Nb6+ 45. Kc5 {[%emt 0:00:00] [#] Hoping for Nd6.} Kxb7 46. Kd6 g5 47. Ke6 {[%emt 0:00:00] Weighted Error Value: White=0.07 (flawless) /Black=0.05 (flawless)} 1/2-1/2

[Event "GER-ch Youth-ODJM 2022"]
[Site "Willingen"]
[Date "2022.06.07"]
[Round "4.7"]
[White "Herter, Arne"]
[Black "Terhuven, Patrick"]
[Result "1-0"]
[ECO "B35"]
[WhiteElo "1943"]
[BlackElo "2162"]
[Annotator "TA"]
[PlyCount "151"]
[EventDate "2022.06.05"]
[EventType "swiss"]
[EventRounds "9"]
[EventCountry "GER"]
[SourceTitle "playchess.com"]
[Source "ChessBase"]
[SourceQuality "1"]
[TimeControl "40/4500+30:900+30"]

1. e4 c5 2. Nf3 Nc6 3. d4 cxd4 4. Nxd4 g6 5. Nc3 Bg7 6. Be3 Nf6 7. Bc4 O-O 8. Bb3 Re8 {[%emt 0:00:00] B35: Sicilian: Accelerated Dragon with 5 Nc3: main line.} 9. f3 d5 10. exd5 Nb4 {[%emt 0:00:00] White is slightly better.} 11. Nde2 e6 12. dxe6 (12. Bd4 $11) 12... Bxe6 $15 {[%emt 0:00:00] [#]} 13. Bc5 $146 ({Predecessor:} 13. Bd2 Bxb3 14. axb3 Qb6 15. Na4 Qb5 16. Bxb4 Qxb4+ 17. c3 Qe7 18. c4 Nh5 19. Nac3 Bxc3+ 20. bxc3 Nf4 21. Ra2 Rad8 22. Qc2 Nxe2 {0-1 (22) Schlegel,I (2027)-Peycheva,G (2255) Chess.com INT 2020}) 13... Qa5 14. Bxb4 Qxb4 15. O-O $1 Rad8 16. Qe1 Bc4 17. Rd1 b5 18. Rxd8 Rxd8 19. a3 Qe7 20. Bxc4 bxc4 21. Ng3 {[%emt 0:02:43] Pair of Knights!} Qb7 {[%emt 0:01:00][%mdl 1024] Black has compensation.} 22. Nd1 Nd5 23. c3 Qb3 (23... Nf4 {with more complications.} 24. Ne4 Nd3 25. Qh4 Qb6+) 24. Ne4 Nf4 25. Nef2 Qc2 26. Qe4 Qxe4 27. Nxe4 f5 28. Nef2 Re8 {[%emt 0:03:42] Prevents Ne3.} 29. g3 Nd5 30. Nh3 Bf8 31. f4 Re2 {[%emt 0:01:18] Threatening ...Bc5+.} 32. Kh1 $1 Bc5 33. Ng1 $1 Rc2 34. Nf3 Nf6 35. a4 {[%emt 0:00:48] [#]} (35. Nd4 $1 $11 Bxd4 36. cxd4) 35... Re2 $2 (35... Ng4 $1 $17 {aiming for ...Rc1.} 36. Re1 Rc1) 36. Re1 $11 Rc2 37. a5 Ne4 38. Ng5 Nxg5 39. fxg5 {[%emt 0:00:02][%mdl 4096] Endgame KRB-KRN} Kf7 40. Re5 Be7 41. Ne3 Rxb2 42. Nxc4 Rc2 {[%emt 0:00:00] Threatens to win with ...Rc1+.} 43. Re3 Bxg5 44. Nd6+ Kg7 45. Rd3 Bd2 46. a6 Bxc3 47. Nb5 Be5 (47... Bb4 $11) 48. Rd7+ $14 Kf6 (48... Kh6 $1 $14) 49. Rxa7 $18 Ra2 {[%emt 0:11:22] [#]} 50. Ra8 $1 {[%emt 0:01:53] Strongly threatening a7.} Kg5 $2 (50... Bb8 {is tougher.} 51. Rxb8 Rxa6) 51. a7 Kg4 {[%emt 0:01:15] ( -> ...Kf3)} 52. Re8 Kh3 53. Kg1 $2 (53. a8=Q $18 {and the rest is easy.} Rxa8 54. Rxa8) 53... Bd4+ $16 54. Nxd4 Rxa7 {[%emt 0:00:22] KRN-KR} 55. Nf3 Kg4 (55... f4 $16) 56. Kf2 (56. Ne5+ $18 Kg5 57. h4+ Kf6 58. Kf2) 56... h5 $2 {[%emt 0:00:54] Loses the game.} (56... f4 $16) 57. Ne5+ $18 Kh3 58. Nxg6 {[%emt 0:00:27] White threatens Nf4+ and mate.} Kxh2 59. Re3 Ra2+ 60. Kf3 Ra1 $2 (60... Kg1 61. Rc3 Rf2+ 62. Ke3 Rf1) 61. Re2+ Kh1 62. Nh4 Rf1+ 63. Rf2 (63. Ke3 $142 Kg1 64. Nf3+ Rxf3+ 65. Kxf3 Kf1 66. Re5 f4 67. g4 hxg4+ 68. Kxg4) 63... Ra1 64. Nxf5 (64. Rd2 $142 Ra3+ 65. Kf4) 64... Ra4 65. Nh4 (65. Re2 $142 {Re1+ is the strong threat.} Ra8 66. Re5) 65... Rg4 (65... Kg1 $18 66. Rg2+ Kf1) 66. Re2 (66. Ke3 $142 Ra4 67. Nf3 Ra3+ 68. Ke4 Rxf3 69. Kxf3 Kg1 70. Ra2 Kh1 71. Ra4 h4 72. Rxh4+ Kg1 73. Rh7 Kf1 74. Rh1#) 66... Kg1 67. Re1+ Kh2 68. Kf2 Rg8 69. Nf3+ Kh3 70. Rh1+ (70. Re4 $142 Rg4 71. Ng1+ Kh2 72. Re5 h4 73. Rh5 Re4 74. Rxh4+ Rxh4 75. gxh4) 70... Kg4 71. Rh4+ Kf5 72. Rxh5+ Kg4 73. Ra5 {[%emt 0:00:25] White mates.} Kh3 74. Ra4 Rh8 75. Ng1+ Kh2 76. Rh4+ {[%emt 0:00:05] Weighted Error Value: White=0.22 (precise) /Black=0.30} 1-0

[Event "GER-ch Youth-ODJM 2022"]
[Site "Willingen"]
[Date "2022.06.07"]
[Round "4.8"]
[White "Schilay, Maria"]
[Black "Masur, Maxim"]
[Result "1-0"]
[ECO "C47"]
[WhiteElo "1568"]
[BlackElo "1428"]
[Annotator "NA RC COMBH"]
[PlyCount "61"]
[EventDate "2022.06.05"]
[EventType "swiss"]
[EventRounds "9"]
[EventCountry "GER"]
[SourceTitle "playchess.com"]
[Source "ChessBase"]
[SourceQuality "1"]
[TimeControl "40/4500+30:900+30"]

1. e4 e5 2. Nf3 Nc6 3. Nc3 Nf6 4. a3 d6 5. h3 Be7 6. d4 exd4 7. Nxd4 O-O 8. Be3 Re8 9. Bc4 Ne5 10. Ba2 Bf8 11. f4 Ng6 12. Qd3 c6 13. O-O-O Qc7 14. g4 b5 15. g5 Nd7 16. Nxc6 Bb7 17. Nb4 Nc5 18. Bxc5 dxc5 19. Nbd5 Bxd5 20. Nxd5 Qb7 21. h4 c4 22. Qf3 b4 23. axb4 Bxb4 24. Bxc4 Rab8 25. h5 Qc6 26. hxg6 Qxc4 27. gxf7+ Kxf7 28. Qh5+ Kf8 29. g6 Rbc8 30. Qf5+ Kg8 31. Qf7+ 1-0

[Event "GER-ch Youth-ODJM 2022"]
[Site "Willingen"]
[Date "2022.06.07"]
[Round "4.9"]
[White "Tornay, Aritz"]
[Black "Abou Wally, Adrian"]
[Result "1-0"]
[ECO "A20"]
[WhiteElo "1760"]
[BlackElo "1601"]
[Annotator "NA RC COMBH"]
[PlyCount "65"]
[EventDate "2022.06.05"]
[EventType "swiss"]
[EventRounds "9"]
[EventCountry "GER"]
[SourceTitle "playchess.com"]
[Source "ChessBase"]
[SourceQuality "1"]
[TimeControl "40/4500+30:900+30"]

1. c4 e5 2. g3 Nf6 3. Bg2 Bc5 4. Nc3 d6 5. Nf3 Nc6 6. O-O O-O 7. d3 h6 8. a3 a5 9. b3 Nh7 10. e3 Ng5 11. Nxg5 hxg5 12. Ne4 Bb6 13. Qh5 Bf5 14. Nxg5 Bg6 15. Qh4 Ne7 16. g4 c6 17. Be4 Re8 18. Bxg6 Nxg6 19. Qh5 Kf8 20. Nh7+ Kg8 21. Ng5 Kf8 22. f4 exf4 23. Rxf4 Qe7 24. Rxf7+ Qxf7 25. Nxf7 Kxf7 26. Qf5+ Kg8 27. Qxg6 Bxe3+ 28. Bxe3 Rxe3 29. Rf1 Rae8 30. Qf7+ Kh8 31. g5 R3e7 32. Qh5+ Kg8 33. g6 1-0

[Event "GER-ch Youth-ODJM 2022"]
[Site "Willingen"]
[Date "2022.06.07"]
[Round "4.10"]
[White "Struck, Lasse"]
[Black "Gerlach, Felix"]
[Result "1-0"]
[ECO "A60"]
[WhiteElo "1847"]
[BlackElo "2072"]
[Annotator "TA"]
[PlyCount "79"]
[EventDate "2022.06.05"]
[EventType "swiss"]
[EventRounds "9"]
[EventCountry "GER"]
[SourceTitle "playchess.com"]
[Source "ChessBase"]
[SourceQuality "1"]
[TimeControl "40/4500+30:900+30"]

1. d4 Nf6 2. c4 c5 3. d5 e6 4. Nc3 exd5 5. cxd5 Bd6 6. g3 O-O 7. Nf3 Re8 {[%emt 0:00:00] A60: Modern Benoni: Early Divergences.} 8. Nd2 Bf8 9. Bg2 d6 {[%emt 0:00:09] White is slightly better.} 10. O-O Na6 11. e4 Rb8 12. a4 Nb4 13. Nc4 b6 14. f4 {[%emt 0:13:47] [#]} Ba6 $146 (14... a6 $11) ({Predecessor:} 14... a6 15. e5 b5 16. axb5 axb5 17. Na3 Bg4 18. Bf3 Bxf3 19. Qxf3 Nd7 20. exd6 Nf6 21. Naxb5 {½-½ (57) Lin,T (2355)-Tauber,M (2275) Bad Woerishofen 1999}) 15. b3 $14 Rb7 16. Bb2 Rd7 ({Black should try} 16... Rbe7 $14) 17. Rf2 g6 18. Rd2 ({Better is} 18. Re2 $16) 18... Bb7 (18... Bxc4 $14 19. bxc4 Bg7) 19. Qf3 Bg7 20. Rad1 Rde7 21. g4 ({White should play} 21. e5 $1 $16 dxe5 22. fxe5 Rxe5 23. Nxe5 Rxe5 24. Nb5) 21... Nxe4 (21... Bc8 $1 $11 22. f5 Ba6) 22. Nxe4 Bxb2 23. Nexd6 {[%emt 0:03:31] White is more active. Pair of Knights!} (23. Ncxd6 $16 Rxe4 24. Nxe4 Bd4+ 25. Rxd4 cxd4 26. Rxd4 Nxd5 27. g5) 23... Bd4+ $11 ({Don't take} 23... Re1+ 24. Bf1 Rxd1 25. Qxd1 Bd4+ 26. Rxd4 cxd4 27. Nxb7 $16) 24. Rxd4 cxd4 25. Nxb7 (25. Nxe8 $11 Rxe8 26. Rxd4) 25... Rxb7 $15 26. d6 Rd7 {[%emt 0:01:41] [#] Threatens to win with ...d3.} 27. Rxd4 Qf6 (27... Re1+ $17 28. Bf1 Qf6) 28. Ne5 $36 {[%emt 0:03:26][%cal Bc4e5,Be5g4,Bg4f6][%mdl 2080] White is pushing.} a5 $2 (28... Rxe5 $11 {and Black has nothing to worry.} 29. fxe5 Qxe5) 29. g5 $18 Qg7 30. Rxb4 Rxd6 {[%emt 0:00:08][%mdl 8192] Loses the game.} (30... axb4 $16 {is a better defense.} 31. Nxd7 Qd4+ 32. Kh1 Re1+ 33. Bf1 Kg7) 31. Rc4 f6 32. Ng4 fxg5 33. fxg5 {[%emt 0:00:11] [#] Black must now prevent Nh6+.} Rf8 34. Nf6+ Kh8 35. Qf4 Rd1+ 36. Bf1 {[%emt 0:00:18] Qe5 is the strong threat.} Qb7 (36... Rd5 $18 37. Qe3 (37. Nxd5 Rxf4 38. Nxf4 Qe5 $18) 37... Rxg5+ 38. Qxg5 Qxf6 39. Qxf6+ Rxf6) 37. Rc7 {[%emt 0:00:24] White mates.} Rxf1+ 38. Kxf1 Qh1+ 39. Kf2 Rf7 40. Rc8+ {[%emt 0:00:14] Weighted Error Value: White=0.25 (precise) /Black=0.53} 1-0

[Event "GER-ch Youth-ODJM 2022"]
[Site "Willingen"]
[Date "2022.06.07"]
[Round "4.11"]
[White "Sayas Payyappat"]
[Black "Stülcken, Philipp"]
[Result "0-1"]
[ECO "A01"]
[WhiteElo "1542"]
[BlackElo "1513"]
[Annotator "NA RC COMBH"]
[PlyCount "32"]
[EventDate "2022.06.05"]
[EventType "swiss"]
[EventRounds "9"]
[EventCountry "GER"]
[SourceTitle "playchess.com"]
[Source "ChessBase"]
[SourceQuality "1"]
[TimeControl "40/4500+30:900+30"]

1. b3 e5 2. Bb2 Nc6 3. e3 d5 4. Bb5 e4 5. Ne2 a6 6. Bxc6+ bxc6 7. O-O Bg4 8. Nbc3 Qg5 9. Kh1 Bd6 10. h3 Qh6 11. Kg1 Nf6 12. Re1 Bxh3 13. Nxd5 Bxg2 14. Kxg2 Qh2+ 15. Kf1 Ng4 16. Nxc7+ Bxc7 0-1

[Event "GER-ch Youth-ODJM 2022"]
[Site "Willingen"]
[Date "2022.06.07"]
[Round "4.12"]
[White "Hartwig, Eric-Jordan"]
[Black "Günther, Arthur"]
[Result "0-1"]
[ECO "B01"]
[WhiteElo "1510"]
[BlackElo "1579"]
[Annotator "NA RC COMBH"]
[PlyCount "34"]
[EventDate "2022.06.05"]
[EventType "swiss"]
[EventRounds "9"]
[EventCountry "GER"]
[SourceTitle "playchess.com"]
[Source "ChessBase"]
[SourceQuality "1"]
[TimeControl "40/4500+30:900+30"]

1. e4 d5 2. exd5 Qxd5 3. Nc3 Qa5 4. d4 Nf6 5. Bc4 Bg4 6. f3 Bf5 7. Bd2 c6 8. Nge2 Nbd7 9. Nd5 Qd8 10. Ne3 Bg6 11. Bc3 Nb6 12. Nf4 Qc7 13. Nd3 Nxc4 14. Nxc4 Nd5 15. Qd2 e6 16. O-O-O b5 17. Na5 Bxd3 0-1